 Dungeon Crawl Stone Soup version 0.19-a0-330-g034cfd4 (webtiles) character file.

152 epen the Magician (level 5, 0/29 HPs)
             Began as a Deep Elf Air Elementalist on May 28, 2016.
             Slain by an ooze (4 damage)
             ... in a sewer.
             The game lasted 00:08:28 (3324 turns).

epen the Magician (Deep Elf Air Elementalist)       Turns: 3324, Time: 00:08:29

Health: 0/29       AC:  4    Str:  5    XL:     5   Next: 11%
Magic:  13/13      EV: 13    Int: 21    God:
Gold:   292        SH:  0    Dex: 15    Spells: 4 memorised, 4 levels left

rFire  . . .     SeeInvis .     k - +0 short sword (venom)
rCold  . . .     Gourm    .     a - +0 robe
rNeg   . . .     Faith    .     (no shield)
rPois  .         Spirit   .     (no helmet)
rElec  .         Dismiss  .     s - +0 cloak
rCorr  .         Reflect  .     (no gloves)
SustAt .         Harm     .     h - +0 pair of boots
MR     .....                    (no amulet)
Stlth  ++........               (no ring)
                                (no ring)

@: repel missiles, not resistant to hostile enchantments, unstealthy
A: no striking features
a: no special abilities


You were in a sewer.
You were not hungry.

You visited 1 branch of the dungeon, and saw 4 of its levels.
You also visited: Sewer.

You collected 292 gold pieces.

Inventory:

Hand Weapons
 g - a +0 short sword
 k - a +0 short sword of venom (weapon)
Missiles
 n - a throwing net (quivered)
Armour
 a - a +0 robe (worn)
 h - a +0 pair of boots (worn)
 s - a +0 cloak (worn)
Scrolls
 d - a scroll of immolation {unknown}
 e - a scroll of teleportation {unknown}
 f - a scroll of blinking {unknown}
 i - a scroll of recharging {unknown}
 l - a scroll of noise {unknown}
 r - a scroll of enchant weapon {unknown}
 t - 3 scrolls of remove curse {unknown}
 u - a scroll of enchant armour {unknown}
 x - a scroll of amnesia {unknown}
Potions
 m - a potion of resistance
 o - a potion of agility {unknown}
 q - a potion of haste
 v - a potion of curing
 w - a potion of flight {unknown}
 z - a potion of mutation {unknown}
Books
 b - a book of Air

   Spells                             Type                      Level
   a - Shock                          Conjuration/Air              1
   b - Swiftness                      Charms/Air                   2
   c - Repel Missiles                 Charms/Air                   2
   d - Static Discharge               Conjuration/Air              3
   e - Lightning Bolt                 Conjuration/Air              5
Comestibles
 c - 2 bread rations
 j - 4 meat rations


   Skills:
 + Level 1.1 Fighting
 + Level 3.2 Dodging
 - Level 2.4 Stealth
 + Level 4.3 Spellcasting
 * Level 2.3 Conjurations
 * Level 4.2 Air Magic


You had 4 spell levels left.
You knew the following spells:

 Your Spells              Type           Power        Failure   Level  Hunger
a - Shock                 Conj/Air       ###.         3%          1    None
b - Repel Missiles        Chrm/Air       ##....       10%         2    #......
c - Swiftness             Chrm/Air       ##......     10%         2    #......
d - Static Discharge      Conj/Air       ###.....     12%         3    ##.....


Dungeon Overview and Level Annotations

Branches:
Dungeon (4/15)
 Temple: D:4-7

Altars:


Message History

You hit the ooze.
The ooze is lightly wounded.
The ooze hits you.
You hit the ooze.
The ooze is lightly wounded.
The ooze hits you.
* * * LOW HITPOINT WARNING * * *
The kobold hits you with a club.
* * * LOW HITPOINT WARNING * * *
You are too injured to fight recklessly!
You are too injured to fight recklessly!
You hit the ooze.
The ooze is poisoned.
The ooze is heavily wounded.
The ooze hits you.
* * * LOW HITPOINT WARNING * * *
The kobold closely misses you.
You barely miss the ooze.
The ooze is severely wounded.
The ooze hits you.
You die...

#####
##(..##
#..@J.#
#..∩K.#
#.....#
##...##
##.##
... .≈≈
≈≈≈
#####


You could see an ooze and a kobold.

Vanquished Creatures
  Crazy Yiuf (D:2)
  8 adders
  A shadow imp (D:3)
  A worm (D:2)
  2 giant geckos (D:3)
  2 orcs
  A ball python (D:2)
  2 goblins
  6 hobgoblins
  7 kobolds
  5 bats
  4 giant newts
  7 rats
  2 fungi
49 creatures vanquished.

Notes
Turn   | Place    | Note
--------------------------------------------------------------
     0 | D:1      | epen the Deep Elf Air Elementalist began the quest for the Orb.
     0 | D:1      | Reached XP level 1. HP: 10/10 MP: 6/6
  1032 | D:1      | Reached XP level 2. HP: 15/15 MP: 4/8
  1615 | D:1      | Learned a level 2 spell: Repel Missiles
  1618 | D:1      | Learned a level 2 spell: Swiftness
  1745 | D:2      | Reached XP level 3. HP: 20/20 MP: 3/9
  1797 | D:2      | Learned a level 3 spell: Static Discharge
  1900 | D:2      | Noticed Crazy Yiuf
  1921 | D:2      | Killed Crazy Yiuf
  2481 | D:3      | Reached XP level 4. HP: 24/24 MP: 6/11
  2712 | D:3      | Reached skill level 1 in Fighting
  3204 | D:4      | Found a glowing drain.
  3241 | D:4      | Reached XP level 5. HP: 17/29 MP: 3/13
  3316 | Sewer    | Entered a sewer
  3324 | Sewer    | Slain by an ooze

Vault maps used:
D:1:      scummos_arrival_star, serial_forest, infiniplex_forest_corner_2,
          infiniplex_forest_lined_ring, infiniplex_forest_clump_large,
          infiniplex_forest_diagonal, infiniplex_forest_clump_large,
          infiniplex_forest_clump_long, infiniplex_forest_clump_double,
          minmay_gold_behind_fungi
D:2:      first_bread, uniq_crazy_yiuf_cottage
D:3:      wad_river_or_something
D:4:      gup_sewer_entry_glass, minivault_4, roderic_serpentine_path,
          st_stairs_13
Sewer:    kennysheep_sewer_church

Skill      XL: |  1  2  3  4 |
---------------+-------------+-----
Conjurations   | 2 |  2.3
Spellcasting   | 4 |  4.3
Fighting       | 1 |  1.1
Air Magic      | 4 |  4.2
Dodging        | 3 |  3.2
Stealth        | |  2.4

Action                   |  1- 3 |  4- 6 || total
-------------------------+-------+-------++-------
Melee: Short sword       |    44 |    11 ||    55
 Cast: Shock             |    41 |    43 ||    84
       Swiftness         |     1 |     1 ||     2
       Repel Missiles    |       |     1 ||     1
  Use: Scroll            |       |     3 ||     3
 Stab: Sleeping          |     1 |     2 ||     3
  Eat: Chunk             |     4 |     3 ||     7
Armor: Robe              |     8 |     3 ||    11
Dodge: Dodged            |    20 |    11 ||    31
